 Dungeon Crawl Stone Soup version 0.22-a0-136-g83a10e5 (webtiles) character file.

4361 KarmaPolice the Spear-Bearer (level 10, -12/82 HPs)
             Began as a Merfolk Gladiator on Feb 4, 2018.
             Was a Follower of Qazlal.
             Mangled by an orc warrior
             ... wielding a +0 short sword
              (17 damage)
             ... on level 8 of the Dungeon.
             The game lasted 00:21:27 (10153 turns).

KarmaPolice the Spear-Bearer (Merfolk Gladiator)   Turns: 10153, Time: 00:21:28

Health: -12/82     AC:  7    Str: 18    XL:     10   Next: 34%
Magic:  15/15      EV: 11    Int:  8    God:    Qazlal [*.....]
Gold:   458        SH: 11    Dex: 15    Spells: 9/9 levels left

rFire    + + .     SeeInvis .   R - +9 flail of the End {elec, *Rage rF++}
rCold    . . .     Gourm    .   D - +0 shield (curse)
rNeg     . . .     Faith    .   t - +0 leather armour {MR+}
rPois    .         Spirit   .   c - +0 helmet
rElec    .         Reflect  .   y - +2 cloak
rCorr    .         Harm     .   (no gloves)
MR       ++...     Rnd*Rage +   (no boots)
Stlth    ++........             (no amulet)
HPRegen  0.23/turn              b - ring of protection from magic
MPRegen  0.14/turn              C - ring of stealth

@: no status effects
A: change form in water, swift swim, stealthy swim
a: Renounce Religion


You were on level 8 of the Dungeon.
You worshipped Qazlal.
Qazlal was aware of your devotion.
You were hungry.

You visited 2 branches of the dungeon, and saw 9 of its levels.

You collected 458 gold pieces.

Inventory:

Hand Weapons
 v - a +2 dagger of venom
 J - a +2 spear of venom
 K - a cursed -3 scythe
 R - the +9 flail of the End (weapon) {elec, *Rage rF++}
   (You found it on level 8 of the Dungeon)

   Occasionally, upon striking a foe, it will discharge some electrical energy
   and cause terrible harm.
   It greatly protects you from fire.
   It may make you go berserk in combat.
Missiles
 d - 3 throwing nets
 m - 186 stones (quivered)
Armour
 c - a +0 helmet (worn)
 t - a +0 leather armour of magic resistance (worn)
 y - a +2 cloak (worn)
 D - a cursed +0 shield (worn)
Jewellery
 b - a ring of protection from magic (left hand)
 C - a ring of stealth (right hand)
 H - an uncursed ring of ice
 M - an uncursed ring of see invisible {unknown}
 N - a cursed ring of loudness {unknown}
 O - a +5 ring of intelligence {unknown}
 Q - an uncursed ring of positive energy {unknown}
Wands
 k - a wand of disintegration (13)
 s - a wand of acid (17)
 B - a wand of digging (11)
 L - a wand of flame (33)
Scrolls
 a - a scroll of amnesia {unknown}
 e - 4 scrolls of magic mapping
 h - a scroll of noise
 i - 4 scrolls of blinking
 l - 3 scrolls of enchant weapon
 p - 4 scrolls of identify
 r - 4 scrolls of teleportation
 u - 3 scrolls of immolation {unknown}
 w - 2 scrolls of enchant armour {unknown}
 F - 2 scrolls of remove curse {unknown}
 G - a scroll of random uselessness {unknown}
 I - a scroll of fear {unknown}
Potions
 g - 6 potions of curing {unknown}
 j - 2 potions of magic {unknown}
 n - 5 potions of heal wounds {unknown}
 o - 2 potions of lignification {unknown}
 q - 4 potions of flight {unknown}
 x - 2 potions of cancellation {unknown}
 z - a potion of brilliance {unknown}
 A - a potion of haste {unknown}
 E - a potion of invisibility {unknown}
 S - a potion of mutation {unknown}
Comestibles
 f - 11 rations
 P - 4 chunks of flesh


   Skills:
 + Level 8.5 Fighting
 + Level 0.2 Maces & Flails
 - Level 11.3 Polearms
 - Level 5.4 Throwing
 - Level 4.0 Dodging
 - Level 3.1 Shields
 + Level 4.4 Invocations
 + Level 6.9 Evocations


You had 9 spell levels left.
You didn't know any spells.

Dungeon Overview and Level Annotations

Branches:
Dungeon (8/15)             Temple (1/1) D:7
   Lair: D:8-11

Altars:
Ashenzari
Dithmenos
Elyvilon
Fedhas
Gozag
Hepliaklqana
Makhleb
Nemelex Xobeh
Okawaru
Qazlal
Sif Muna
Trog
Vehumet
Wu Jian
Xom
Yredelemnul
Zin


Message History

You hit the orc warrior but do no damage.
The orc warrior is severely wounded.
The orc warrior hits you with a short sword.
You hit the orc warrior but do no damage.
The orc warrior is severely wounded.
The orc warrior hits you with a short sword!!
The orc warrior hits you with a short sword!
* * * LOW HITPOINT WARNING * * *
You barely miss the orc warrior.
The orc warrior is severely wounded.
You block the orc warrior's attack.
You barely miss the orc warrior.
The orc warrior is severely wounded.
You block the orc warrior's attack.
You barely miss the orc warrior.
The orc warrior is severely wounded.
The orc warrior hits you with a short sword!!
* * * LOW HITPOINT WARNING * * *
The orc warrior hits you with a short sword!
You die...

#### #..
#######.##
.........######
#...#......#
#.####....####†##
#.ooo@...<......#
#.s###...##.....#
# ##...##.#.#.###
.....##>#......
####..##.##...##
#........#...
#.###.##...###
#.# #.# #.##
#.#########.###.#
#.#


You could see an orc warrior, a scorpion and 2 orcs.

Vanquished Creatures
  Pikel (D:6)
  The ghost of Yosebu the Cruncher, a novice GrGl of Okawaru (D:7)
  Prince Ribbit (D:7)
  Sigmund (D:7)
  A hungry ghost (D:7)
  Edmund (D:7)
  A black bear (D:6)
  2 sky beasts (D:8)
  3 orc warriors
  A phantom (D:8)
  2 ice beasts
  An ogre (D:5)
  2 centaurs
  2 big kobolds (D:8)
  A bullfrog (D:4)
  A water moccasin zombie (D:7)
  7 scorpions
  A water moccasin skeleton (D:5)
  4 killer bees (D:8)
  2 crimson imps
  A bullfrog zombie (D:6)
  2 hounds
  A jelly (D:7)
  A centaur skeleton (D:6)
  4 orc priests
  4 bullfrog skeletons
  2 iguanas
  Ijyb (D:3)
  4 orc wizards
  5 worker ants
  A worker ant zombie (D:7)
  2 gnolls (D:6)
  10 adders
  A shadow imp (D:6)
  2 oozes
  3 adder skeletons
  5 worms
  2 leopard geckos
  24 orcs
  2 giant cockroaches (D:2)
  12 goblins
  9 hobgoblins
  11 jackals
  6 quokkas
  6 bats
  2 frilled lizards
  11 kobolds
  2 leopard gecko skeletons
172 creatures vanquished.

Vanquished Creatures (others)
  2 slaves (D:6)
  A bullfrog (D:6)
  A crimson imp (D:6)
  A killer bee zombie (D:6)
  2 gnolls (D:6)
  An adder (D:6)
  A worm (D:6)
  A goblin (D:3)
  4 plants (D:8)
14 creatures vanquished.

Grand Total: 186 creatures vanquished

Notes
Turn   | Place    | Note
-------+----------+-------------------------------------------
     0 | D:1      | KarmaPolice the Merfolk Gladiator began the quest for the Orb.
     0 | D:1      | Reached XP level 1. HP: 16/16 MP: 1/1
   302 | D:1      | Reached XP level 2. HP: 23/23 MP: 2/2
  1116 | D:2      | Reached skill level 5 in Polearms
  1116 | D:2      | Reached XP level 3. HP: 28/28 MP: 3/3
  1458 | D:2      | Found a bloodstained altar of Trog.
  1626 | D:2      | Reached XP level 4. HP: 24/35 MP: 4/4
  2558 | D:3      | Reached XP level 5. HP: 41/41 MP: 5/5
  2713 | D:3      | Noticed Ijyb
  2733 | D:3      | Killed Ijyb
  2733 | D:3      | Reached skill level 6 in Polearms
  3035 | D:3      | Reached skill level 1 in Evocations
  3508 | D:4      | Found a deep blue altar of Sif Muna.
  3592 | D:4      | Reached XP level 6. HP: 32/48 MP: 5/7
  4243 | D:5      | Entered Level 5 of the Dungeon
  4417 | D:5      | Reached XP level 7. HP: 29/55 MP: 8/8
  4518 | D:5      | Reached skill level 7 in Polearms
  4999 | D:5      | Reached skill level 5 in Fighting
  5376 | D:4      | Reached XP level 8. HP: 32/62 MP: 10/10
  5542 | D:5      | Reached skill level 8 in Polearms
  5542 | D:5      | Reached skill level 5 in Throwing
  6317 | D:5      | Found a shimmering altar of Xom.
  6319 | D:5      | Found a glowing silver altar of Zin.
  6323 | D:5      | Found an iron altar of Okawaru.
  6324 | D:5      | Found a burning altar of Makhleb.
  6324 | D:5      | Found a hazy altar of Hepliaklqana.
  6326 | D:5      | Found a white marble altar of Elyvilon.
  6328 | D:5      | Found a radiant altar of Vehumet.
  6483 | D:6      | Noticed Pikel
  6518 | D:6      | Killed Pikel
  6518 | D:6      | Reached skill level 9 in Polearms
  6518 | D:6      | Reached XP level 9. HP: 54/71 MP: 12/12
  6639 | D:6      | Reached skill level 5 in Evocations
  7603 | D:7      | Found an opulent altar of Gozag.
  7786 | D:7      | Found a staircase to the Ecumenical Temple.
  7798 | Temple   | Entered the Ecumenical Temple
  7928 | Temple   | Became a worshipper of Qazlal Stormbringer
  8230 | D:7      | Reached skill level 10 in Polearms
  8230 | D:7      | Reached skill level 1 in Invocations
  8271 | D:7      | Noticed Yosebu's ghost (novice GrGl)
  8307 | D:7      | Killed Yosebu's ghost
  8539 | D:7      | Noticed Sigmund
  8553 | D:7      | Killed Sigmund
  8558 | D:7      | Noticed Edmund
  8585 | D:7      | Killed Edmund
  8940 | D:7      | Noticed Prince Ribbit
  8948 | D:7      | Killed Prince Ribbit
  8948 | D:7      | Reached XP level 10. HP: 80/80 MP: 14/14
  9154 | D:8      | Reached skill level 11 in Polearms
  9431 | D:8      | Reached * piety under Qazlal
  9730 | D:8      | Noticed a two-headed ogre
 10038 | D:8      | Got a fine flail
 10039 | D:8      | Identified the +9 flail of the End {elec, *Rage rF++} (You found it on level 8 of the Dungeon)
 10153 | D:8      | Mangled by an orc warrior

Vault maps used:
D:1:      noname_arrival_rooms_in_the_neighbourhood, minmay_misc_feat_room
D:2:      lemuel_doored_altar, first_ration
D:3:      kennysheep_goblin_castle
D:4:      led_sif_pool
D:5:      minitemple
D:6:      corexii_leaking_fountain, uniq_pikel
D:7:      nicolae_gozag_seed_capital, minmay_temple_entry_nine_rooms,
          sigmund_edmund_badplayer, uniq_prince_ribbit1
D:8:      hangedman_ranch
Temple:   nicolae_temple_figure_eight

Skill      XL: |  1  2  3  4  5  6  7  8  9 10 |
---------------+-------------------------------+-----
Polearms       | 5 6 7 9 10 11 | 11.3
Fighting       | 3 4 5 6 8 |  8.5
Throwing       | 3 4 5 |  5.4
Evocations     | 1 2 3 4 6 |  6.9
Shields        | 2 3 |  3.1
Invocations    | 3 4 |  4.4
Maces & Flails | |  0.2
Dodging        | |  4.0

Action                   |  1- 3 |  4- 6 |  7- 9 | 10-12 || total
-------------------------+-------+-------+-------+-------++-------
Melee: Trident           |   134 |   133 |    30 |       ||   297
       Dagger            |       |    99 |   142 |       ||   241
       Spear             |       |       |   221 |    86 ||   307
       Flail             |       |       |       |    18 ||    18
Evoke: Wand              |       |     1 |     3 |       ||     4
  Use: Scroll            |       |       |     4 |     3 ||     7
 Stab: Sleeping          |     2 |     2 |     6 |     1 ||    11
       Distracted        |       |       |       |     1 ||     1
  Eat: Chunk             |     2 |     6 |    17 |     3 ||    28
       Ration            |       |     1 |       |       ||     1
Armor: Leather armour    |    21 |    52 |    75 |    11 ||   159
Dodge: Dodged            |    69 |   178 |   175 |    26 ||   448
Block: Shield            |       |       |    64 |    22 ||    86

Table legend:
 A = Spawn XP
 B = Non-spawn XP
 C = Spawn XP percentage of total XP
 D = Spawn monster count
 E = Non-spawn monster count
 F = Spawn count percentage of total count
 G = Total turns spent on level
                    A         B        C        D         E        F      G
               +---------+---------+-------+---------+---------+-------+---------
         Total |       0 |    6230 |   0.0 |       0 |     172 |   0.0 | 10153
               +---------+---------+-------+---------+---------+-------+---------
           D:1 |       0 |      10 |   0.0 |       0 |       7 |   0.0 |   790
           D:2 |       0 |     103 |   0.0 |       0 |      26 |   0.0 |  1297
           D:3 |       0 |     147 |   0.0 |       0 |      41 |   0.0 |  1217
           D:4 |       0 |     450 |   0.0 |       0 |      15 |   0.0 |  2133
           D:5 |       0 |    1039 |   0.0 |       0 |      27 |   0.0 |  1136
           D:6 |       0 |    1075 |   0.0 |       0 |      14 |   0.0 |   977
           D:7 |       0 |    2089 |   0.0 |       0 |      22 |   0.0 |  1400
           D:8 |       0 |    1317 |   0.0 |       0 |      20 |   0.0 |  1030
               +---------+---------+-------+---------+---------+-------+---------
